 Dungeon Crawl Stone Soup version 0.30-a0-1112-gfb780f5df6 (webtiles) character file.

Game seed: 12211231833733792042

10795 kiwi3s the Fighter (level 11, -4/102 HPs)
             Began as a Minotaur Berserker on Apr 19, 2023.
             Was a High Priest of Trog.
             Slain by a catoblepas (17 damage)
             ... on level 10 of the Dungeon.
             The game lasted 00:22:05 (12473 turns).

kiwi3s the Fighter (Minotaur Berserker)            Turns: 12473, Time: 00:22:06

Health: -4/102     AC: 18    Str: 25    XL:     11   Next: 40%
Magic:  11/11      EV:  8    Int:  4    God:    Trog [*****.]
Gold:   522        SH:  0    Dex: 11    Spells: 10/10 levels left

rFire   . . .      SeeInvis .    c - +2 hand axe (flame)
rCold   . . .      Faith    .    (no shield)
rNeg    + . .      Spirit   .    I - +1 acid dragon scales
rPois   .          Reflect  .    a - +2 hat
rElec   .          Rampage  .    g - +0 cloak
rCorr   +          Rage     3%   u - +0 pair of gloves
Will    .....                    M - +0 pair of boots {Stlth+}
Stlth   ++                       (no amulet)
HPRegen 0.37/turn                y - ring of positive energy
MPRegen 0.12/turn                (no ring)

@: petrifying, on berserk cooldown, slowed, very slow
A: horns 2, retaliatory headbutt, iridescent scales 1, berserk 1, high MP 1
a: Renounce Religion, Berserk, Trog's Hand, Brothers in Arms


You were on level 10 of the Dungeon.
You worshipped Trog.
Trog was extremely pleased with you.
You visited 1 branch of the dungeon, and saw 11 of its levels.

You collected 522 gold pieces.

Inventory:

Hand Weapons
 c - a +2 hand axe of flaming (weapon)
 V - a +2 war axe of freezing
Missiles
 s - 9 boomerangs (quivered)
 v - a throwing net
Armour
 a - a +2 hat (worn)
 g - a +0 cloak (worn)
 u - a +0 pair of gloves (worn)
 x - a +0 chain mail
 D - a +2 kite shield
 I - +1 acid dragon scales (worn)
 M - a +0 pair of boots of stealth (worn)
Jewellery
 y - a ring of positive energy (left hand)
Wands
 i - a wand of flame (6)
 K - a wand of digging (8)
Scrolls
 b - a scroll of fog
 e - 5 scrolls of amnesia
 f - 3 scrolls of teleportation
 j - 2 scrolls of vulnerability {unknown}
 l - a scroll of poison
 n - 2 scrolls of identify
 p - a scroll of enchant weapon
 q - a scroll of magic mapping {unknown}
 A - 2 scrolls of immolation {unknown}
 E - 3 scrolls of blinking {unknown}
 N - 2 scrolls of silence
 O - a scroll of noise {unknown}
 R - a scroll of acquirement {unknown}
 T - 2 scrolls of summoning {unknown}
Potions
 d - 2 potions of flight
 h - a potion of curing
 k - 2 potions of attraction
 m - a potion of cancellation
 o - a potion of haste {unknown}
 r - 2 potions of lignification
 t - 2 potions of invisibility
 z - 2 potions of heal wounds {unknown}
 B - a potion of degeneration


   Skills:
 + Level 11.5 Fighting
 + Level 11.4 Axes
 + Level 11.2 Armour
 + Level 10.2 Dodging


You had 10 spell levels left.
You didn't know any spells.
Your spell library was empty.

Dungeon Overview and Level Annotations

Branches:
Dungeon (11/15)            Temple (0/1) D:5            Lair (0/5) D:8
    Orc (0/2) D:10

Altars:
Elyvilon
Fedhas
Kikubaaqudgha
Okawaru
Qazlal
Sif Muna
Uskayaw
Vehumet
Xom
Yredelemnul
Zin
The Shining One

Annotations:
D:6 Blork the orc
D:10 1 runed translucent door, BlueFalcon's ghost, journeyman DsVM


Innate Abilities, Weirdness & Mutations

You have a pair of horns on your head.
You reflexively headbutt those who attack you in melee.
You are partially covered in iridescent scales. (AC +2)
You sometimes lose your temper in combat.
You have an increased reservoir of magic. (+10% MP)


Message History

The blast of calcifying dust hits you.
You have turned to stone.
You are engulfed in calcifying dust.
The catoblepas breathes a plume of calcifying dust at you.
The blast of calcifying dust hits you but does no damage.
You are engulfed in calcifying dust.
The catoblepas gores you!
You are engulfed in calcifying dust.
The catoblepas breathes a plume of calcifying dust at you.
The blast of calcifying dust hits you but does no damage.
The catoblepas gores you but does no damage.
The catoblepas gores you!!
* * * LOW HITPOINT WARNING * * *
The catoblepas gores you.
* * * LOW HITPOINT WARNING * * *
You are no longer berserk.
You feel yourself slow down.
The catoblepas breathes a plume of calcifying dust at you.
The blast of calcifying dust hits you but does no damage.
You turn to flesh and can move again.
You hit the catoblepas but do no damage.
You headbutt the catoblepas, but do no damage.
The catoblepas is almost dead.
You are engulfed in calcifying dust.
The catoblepas barely misses you.
You barely miss the catoblepas.
The catoblepas is almost dead.
You are engulfed in calcifying dust.
The catoblepas gores you but does no damage.
Unknown command.
You hit the catoblepas but do no damage.
The catoblepas is almost dead.
You are engulfed in calcifying dust.
The catoblepas gores you!!
* * * LOW HITPOINT WARNING * * *
You feel better.
You are engulfed in calcifying dust.
You are slowing down.
The catoblepas gores you.
* * * LOW HITPOINT WARNING * * *
The catoblepas breathes a plume of calcifying dust at you.
The blast of calcifying dust hits you but does no damage.
Your deep troll goes berserk!
The catoblepas gores you!!
You die...

### ##### ##.## ###########
#...######.#T###.........#
#.........###....#######.####
#...######.#.@#### #.......#
##.## #...Y.# #.##.##.# #.#
##...## #.##.##.# #.# ##.##
#.##..#.# #.# #.# #.###.#.#
###.### #.# #.# #.#.#
###.....# ##'## #.###.#.#
#.....#.## ##...## #.......#
#........# ##.....##
#####.###


You could see a catoblepas (ally target) and a friendly deep troll (summoned,
berserk).

Vanquished Creatures
  Gastronok (D:10)
  Josephine (D:10)
  Nergalle (D:10)
  Maggie (D:6)
  A troll (D:10)
  8 wraiths
  12 yaks (D:10)
  Grum (D:9)
  2 steam dragons
  Edmund (D:6)
  A warg (D:10)
  2 acid dragons
  A water moccasin (D:8)
  2 black bears (D:6)
  2 sky beasts (D:7)
  4 orc warriors
  An ice beast (D:8)
  An ogre (D:5)
  A centaur (D:7)
  4 wolves
  A phantom (D:5)
  2 bullfrogs (D:7)
  3 kobold brigands
  6 scorpions
  A gnoll sergeant (D:7)
  5 wights (D:9)
  18 killer bees
  3 howler monkeys (D:9)
  3 hounds (D:5)
  A jelly (D:7)
  A sleepcap (D:6)
  A gnoll bouda (D:4)
  3 orc priests
  2 iguanas
  5 orc wizards
  A killer bee zombie (D:8)
  23 gnolls
  9 adders
  A white imp (D:6)
  A worm (D:2)
  5 dart slugs
  41 orcs
  11 bats
  10 endoplasms
  7 giant cockroaches
  19 goblins
  9 hobgoblins
  13 kobolds
  2 quokkas
  9 ball pythons
  15 frilled lizards
  10 rats
289 creatures vanquished.

Vanquished Creatures (others)
  3 bushes (D:8)
  24 plants
27 creatures vanquished.

Grand Total: 316 creatures vanquished

Notes
Turn   | Place    | Note
-------+----------+-------------------------------------------
     0 | D:1      | kiwi3s the Minotaur Berserker began the quest for the Orb.
     0 | D:1      | Reached XP level 1. HP: 19/19 MP: 0/0
   191 | D:1      | Reached XP level 2. HP: 22/27 MP: 1/1
   533 | D:1      | Reached XP level 3. HP: 30/33 MP: 2/2
   733 | D:1      | Reached ** piety under Trog
  1097 | D:2      | Reached XP level 4. HP: 40/40 MP: 3/3
  1349 | D:2      | Found a faded altar of an unknown god.
  2023 | D:3      | Found a stormy altar of Qazlal.
  2294 | D:3      | Reached XP level 5. HP: 47/47 MP: 4/4
  2527 | D:3      | Found a white marble altar of Elyvilon.
  2602 | D:3      | Reached *** piety under Trog
  2973 | D:4      | Reached skill level 5 in Fighting
  2977 | D:4      | Reached skill level 5 in Axes
  3122 | D:4      | Reached XP level 6. HP: 43/56 MP: 5/5
  3464 | D:4      | Found a glowing golden altar of the Shining One.
  3679 | D:4      | Reached skill level 5 in Armour
  3679 | D:4      | Reached XP level 7. HP: 60/62 MP: 6/6
  3790 | D:5      | Entered Level 5 of the Dungeon
  3969 | D:5      | Found a staircase to the Ecumenical Temple.
  4162 | D:5      | Reached skill level 5 in Dodging
  4452 | D:5      | Reached **** piety under Trog
  4637 | D:5      | Found a glowing silver altar of Zin.
  4638 | D:5      | Noticed an angel
  4659 | D:5      | Found an ancient bone altar of Kikubaaqudgha.
  4884 | D:6      | Noticed Maggie
  4903 | D:6      | Killed Maggie
  4904 | D:6      | Reached XP level 8. HP: 26/71 MP: 7/7
  5411 | D:6      | Noticed Edmund
  5425 | D:6      | Killed Edmund
  5650 | D:6      | Noticed Blork the orc
  5659 | D:6      | Found a shimmering blue altar of Sif Muna.
  5765 | D:7      | Reached XP level 9. HP: 33/81 MP: 8/8
  6213 | D:7      | Found a basalt altar of Yredelemnul.
  6477 | D:7      | Found a radiant altar of Vehumet.
  7222 | D:6      | Found a hide-covered altar of Uskayaw.
  7632 | D:8      | Found a staircase to the Lair.
  8239 | D:8      | Found a blossoming altar of Fedhas.
  8994 | D:8      | Found an iron altar of Okawaru.
  9004 | D:8      | Reached ***** piety under Trog
  9102 | D:9      | Noticed Grum
  9234 | D:9      | Reached XP level 10. HP: 91/91 MP: 9/9
  9362 | D:9      | Killed Grum
  9797 | D:9      | Reached skill level 10 in Fighting
 10414 | D:9      | Gained mutation: You occasionally lose the ability to read
                  | scrolls when taking damage. [potion of mutation]
 10415 | D:9      | Lost mutation: You occasionally lose the ability to read
                  | scrolls when taking damage. [potion of mutation]
 10415 | D:9      | Gained mutation: You have an increased reservoir of magic.
                  | (+10% MP) [potion of mutation]
 10415 | D:9      | Gained mutation: Armour fits poorly on your strangely
                  | shaped body. [potion of mutation]
 10415 | D:9      | Gained mutation: You sometimes lose your temper in combat.
                  | [potion of mutation]
 10415 | D:9      | Gained mutation: You are partially covered in iridescent
                  | scales. (AC +2) [potion of mutation]
 10416 | D:9      | Lost mutation: Armour fits poorly on your strangely shaped
                  | body. [potion of mutation]
 10416 | D:9      | Lost mutation: You are partially covered in iridescent
                  | scales. (AC +2) [potion of mutation]
 10416 | D:9      | Gained mutation: You are partially covered in iridescent
                  | scales. (AC +2) [potion of mutation]
 10518 | D:10     | Entered Level 10 of the Dungeon
 10580 | D:10     | Noticed Nergalle
 10608 | D:10     | Killed Nergalle
 10609 | D:10     | Reached skill level 10 in Axes
 10764 | D:10     | Noticed Josephine
 10789 | D:10     | Killed Josephine
 10790 | D:10     | Reached skill level 10 in Armour
 10821 | D:10     | Found a staircase to the Orcish Mines.
 11146 | D:10     | Noticed Gastronok
 11165 | D:10     | Killed Gastronok
 11166 | D:10     | Reached XP level 11. HP: 99/101 MP: 11/11
 11265 | D:10     | Identified the +9 mace "Irchubli" {drain, rN+ Str+3 Int-3
                  | Dex+4}
 11476 | D:10     | Reached skill level 10 in Dodging
 12008 | D:10     | Found a runed translucent door.
 12012 | D:10     | Found a shimmering altar of Xom.
 12012 | D:10     | Noticed BlueFalcon's ghost (journeyman DsVM)
 12012 | D:10     | Noticed a +0 quarterstaff of chaos
 12438 | D:11     | Noticed a catoblepas
 12439 | D:11     | Noticed a centaur warrior
 12471 | D:10     | HP: 5/102 [catoblepas (25)]
 12473 | D:10     | Slain by a catoblepas

Illustrated notes

Levels and vault maps discovered:
D:1:      dpeg_arrival_more_subterranean_lakeside_camping, layout_loops_ring,
          st_stairs_10, minmay_surrounded
D:2:      kennysheep_six_static_rooms, layout_loops_ring,
          ebering_ecumenical_altar_box
D:3:      layout_basic, nicolae_elyvilon_temple_path,
          mainiacjoe_overflow_cross_hatched, grunt_ministairs_9,
          hangedman_feature_mirror
D:4:      layout_rooms, mainiacjoe_overflow_catwalk, dreamdust_princess_bridge
D:5:      layout_loops_cross, mainiacjoe_overflow_boulevard, zin_angel,
          minmay_temple_entry_grid, eino_small_chamber_without_monster
D:6:      nicolae_cairo_tiling_large, layout_basic, kennysheep_little_box,
          tgw_sif, abandoned_shop, minmay_lizard_king, uniq_maggie, uniq_edmund
D:7:      layout_cave_pools, nicolae_overflow_crystal_walls,
          mainiacjoe_overflow_six_doors_small
D:8:      layout_basic, okawaru_altar_gauntlet_db, fedhas_altar_decomposition,
          lair_entry_dummy, minmay_misc_feat_plants
D:9:      layout_long_grid, enter_bailey_2, uniq_grum
D:10:     layout_loops_corners, david_orc_3, ebering_ghost_xom, uniq_josephine,
          uniq_gastronok, uniq_nergalle
D:11:     layout_basic, minmay_misc_feat_rows

Skill      XL: |  1  2  3  4  5  6  7  8  9 10 11 |
---------------+----------------------------------+-----
Fighting       | 4 5 6 8 9 10 11 | 11.5
Axes           | 4 5 6 7 9 10 11 | 11.4
Armour         | 3 4 5 6 7 9 10 11 | 11.2
Dodging        | 3 4 5 6 8 9 10 | 10.2

Action                     |  1- 3 |  4- 6 |  7- 9 | 10-12 || total
---------------------------+-------+-------+-------+-------++-------
  Melee: Hand axe          |    96 |   142 |   359 |   276 ||   873
         Headbutt          |     7 |    15 |    53 |    61 ||   136
         Punch             |       |     2 |     2 |     4 ||     8
  Throw: Boomerang         |       |     7 |       |       ||     7
 Invoke: Berserk           |       |     2 |     3 |     2 ||     7
         Brothers in Arms  |       |       |       |     1 ||     1
    Use: Scroll            |       |       |       |    17 ||    17
         Potion            |       |       |       |    12 ||    12
   Stab: Sleeping          |       |     2 |     1 |       ||     3
 Armour: Animal skin       |    24 |    33 |    14 |       ||    71
         Acid dragon scale |       |       |   126 |   140 ||   266
  Dodge: Dodged            |    62 |   100 |   270 |   188 ||   620

Table legend: (Time is in decaauts)
 A = Elapsed time spent in this place.
 B = Non-inter-level travel time spent in this place.
 C = Inter-level travel time spent in this place.
 D = Time resting spent in this place.
 E = Time spent auto-exploring this place.
 F = Levels seen in this place.
 G = Mean time per level.
                   A        B        C        D        E       F      G
               +--------+--------+--------+--------+--------+-----+--------+
         Total |  12552 |  11770 |    782 |   1683 |   8366 |  11 | 1141.1 |
       Dungeon |  12552 |  11770 |    782 |   1683 |   8366 |  11 | 1141.1 |
               +--------+--------+--------+--------+--------+-----+--------+

Top non-repeatable levels by time:
    D:10: 1972 daAuts
     D:8: 1719 daAuts
     D:6: 1434 daAuts
     D:5: 1278 daAuts
     D:9: 1198 daAuts
     D:7: 1108 daAuts
     D:3: 1032 daAuts
     D:2: 956 daAuts
     D:4: 947 daAuts
     D:1: 887 daAuts
    D:11: 15 daAuts
